Map: [ESL] Tropical Sacrifice

Players

ShoWTimE

  • Race: Protoss Protoss
  • Spawn Location: 1:00

maru - Winner!

  • Race: Terran Terran
  • Spawn Location: 7:00

Event: TSL 9

VOD

Have the link to the VOD?

Description

Time

  • Played on: Aug. 5, 2022, 10:36 a.m.
  • Length: 11:48

All games in this series

Show
View Real Time Build Order
Export as new Build Order

ShoWTimE Protoss 

Build Orders: Oracle Opening, Blink Stalkers 

Get SALT Encoding   

  12  0:00  Probe  
  13  0:12  Probe  
  14  0:18  Pylon  
  14  0:24  Probe (Chrono Boost)  
  15  0:37  Probe (Chrono Boost)  
  15  0:38  Gateway  
  16  0:45  Probe (Chrono Boost)  
  16  0:47  Assimilator  
  17  0:51  Probe  
  17  0:54  Assimilator  
  18  1:03  Probe  
  19  1:15  Probe  
  20  1:26  Cybernetics Core  
  20  1:27  Probe, Pylon  
  21  1:39  Probe  
  22  2:00  Adept (Chrono Boost)  
  22  2:02  Stargate  
  22  2:07  Warp Gate  
  24  2:16  Nexus  
  24  2:24  Adept  
  24  2:28  Probe  
  27  2:35  Pylon  
  27  2:40  Probe  
  28  2:46  Oracle (Chrono Boost)  
  31  2:53  Probe  
  32  3:04  Twilight Council  
  33  3:05  Probe  
  32  3:17  Probe  
  33  3:23  Gateway  
  33  3:30  Probe  
  33  3:31  Probe  
  33  3:32  Blink (Chrono Boost)  
  35  3:42  Probe  
  36  3:49  Gateway  
  36  3:52  Probe  
  37  3:56  Probe  
  37  4:00  Pylon  
  38  4:04  Probe  
  38  4:08  Probe  
  40  4:16  Probe  
  41  4:19  Gateway  
  41  4:20  Probe  
  42  4:26  Stalker  
  42  4:28  Probe  
  42  4:30  Stalker  
  47  4:33  Probe  
  48  4:40  Probe  
  48  4:44  Stalker  
  51  4:45  Probe  
  51  4:52  Probe, Pylon  
  53  4:55  Stalker x2  
  57  5:10  Stalker  
  59  5:15  Stalker  
  57  5:22  Stalker x2  
  57  5:24  Probe x2  
  63  5:39  Stalker  
  63  5:40  Stalker  
  63  5:42  Pylon  
  67  5:44  Nexus  
  67  5:46  Stalker  
  66  5:56  Probe  
  61  6:00  Charge (Chrono Boost)  
  61  6:02  Probe  
  60  6:05  Forge  
  60  6:08  Probe  
  61  6:11  Pylon  
  61  6:15  Probe  
  60  6:21  Probe  
  60  6:23  Gateway  
  61  6:27  Probe  
  61  6:28  Gateway  
  61  6:30  Sentry x2  
  66  6:33  Probe  
  66  6:39  Probe  
  68  6:40  Zealot  
  68  6:42  Zealot  
  68  6:45  Probe  
  68  6:46  Shield Battery  
  73  6:51  Probe  
  73  6:52  Shield Battery  
  73  6:53  Sentry, Stalker  
  78  6:55  Shield Battery  
  78  6:56  Phoenix  
  78  7:04  Stalker x2  
  82  7:08  Pylon  
  82  7:09  Probe x2  
  82  7:11  Probe  
  83  7:19  Zealot x2  
  83  7:21  Probe  
  83  7:22  Probe  
  83  7:32  Protoss Ground Weapons Level 1 (Chrono Boost)  
  83  7:33  Probe  
  68  7:37  Zealot x4  
  68  7:40  Probe x2  
  78  7:45  Zealot  
  78  7:46  Zealot  
  82  7:52  Probe  
  82  7:53  Probe x2, Gateway  
  85  8:02  Pylon  
  85  8:04  Probe  
  85  8:05  Probe, Assimilator  
  86  8:06  Probe  
  86  8:08  Assimilator  
  86  8:09  Robotics Facility  
  88  8:15  Pylon  
  88  8:16  Probe  
  88  8:18  Gateway  
  89  8:22  Pylon  
  89  8:23  Stalker x2  
  89  8:25  Sentry  
  95  8:28  Zealot  
  95  8:29  Zealot  
  95  8:34  Gateway  
  99  8:43  Pylon  
  99  8:46  Zealot x2  
  99  8:48  Pylon  
  103  8:50  Zealot x3  
  103  8:52  Zealot  
  111  8:57  Photon Cannon  
  111  9:09  Stalker x2  
  115  9:12  Zealot x3  
  115  9:16  Probe x2  
  118  9:22  Probe  
  118  9:23  Photon Cannon  
  117  9:28  Probe  
  117  9:29  Probe  
  117  9:30  Observer (Chrono Boost)  
  119  9:40  Probe  
  119  9:41  Probe  
  119  9:43  Stalker x3  
  123  9:51  Probe  
  125  9:52  Probe  
  125  9:53  Robotics Bay  
  125  10:03  Assimilator  
  125  10:07  Assimilator  
  125  10:08  Pylon  
  125  10:11  Observer (Chrono Boost), Pylon  
  125  10:17  Pylon  
  125  10:20  Pylon  
  125  10:26  Pylon  
  125  10:27  Pylon  
  125  10:28  Pylon  
  125  10:32  Robotics Facility  
  115  10:36  Stalker x2  
  115  10:37  Zealot, Stalker x2  
  125  10:44  Zealot x3  
  110  10:59  Zealot x3  
  114  11:08  Zealot x5  
  116  11:22  Zealot x3  
Show
View Real Time Build Order
Export as new Build Order

maru Terran - Winner!

Build Orders: Cyclone Opening 

Get SALT Encoding   

  12  0:00  SCV  
  13  0:12  SCV  
  14  0:17  Supply Depot  
  14  0:24  SCV  
  15  0:39  SCV  
  15  0:40  Barracks  
  16  0:44  Refinery  
  16  0:51  SCV  
  16  0:55  Refinery  
  17  1:03  SCV  
  18  1:15  SCV  
  19  1:27  Orbital Command  
  19  1:28  Reaper  
  19  1:31  Supply Depot  
  20  1:42  Factory  
  20  1:53  SCV  
  21  2:00  Reaper  
  22  2:05  SCV  
  23  2:17  SCV  
  23  2:22  Command Center  
  24  2:29  Factory Tech Lab  
  25  2:30  SCV  
  25  2:35  Supply Depot  
  25  2:37  Barracks Reactor  
  25  2:42  SCV  
  26  2:48  Cyclone  
  29  2:54  SCV  
  30  2:59  Barracks  
  30  3:06  SCV  
  29  3:14  Marine x2  
  29  3:18  SCV  
  32  3:20  Cyclone  
  35  3:30  SCV  
  35  3:33  Marine x2  
  37  3:38  Orbital Command  
  37  3:43  SCV  
  37  3:46  Barracks, Marine  
  39  3:52  Marine x2  
  39  3:55  SCV  
  42  4:05  SCV  
  42  4:07  SCV  
  42  4:08  Widow Mine  
  46  4:10  Supply Depot  
  46  4:13  Marine  
  46  4:14  Marine  
  48  4:18  Stimpack  
  48  4:19  SCV, Marine  
  48  4:21  SCV  
  51  4:26  Engineering Bay  
  51  4:31  SCV  
  51  4:33  Barracks Tech Lab  
  51  4:34  SCV  
  53  4:42  Supply Depot  
  53  4:43  SCV, Marauder, Marine x2  
  58  4:46  SCV  
  58  4:52  Combat Shield  
  61  4:53  Marauder  
  61  4:55  Terran Infantry Weapons Level 1  
  61  4:56  SCV  
  62  5:01  Starport  
  62  5:04  SCV  
  62  5:05  Bunker, Factory Reactor  
  63  5:11  Supply Depot  
  65  5:14  Marauder x2  
  65  5:17  SCV  
  64  5:21  Marine x2  
  64  5:22  SCV  
  67  5:29  SCV  
  67  5:34  SCV  
  59  5:39  Marauder x2  
  59  5:41  SCV  
  62  5:49  Medivac  
  64  5:50  Medivac  
  64  5:53  SCV  
  64  5:55  SCV  
  56  6:05  SCV, Marine  
  56  6:06  Marine  
  56  6:07  SCV, Marauder, Concussive Shells  
  56  6:10  Widow Mine  
  66  6:11  Marauder  
  66  6:21  SCV x2  
  68  6:26  Supply Depot  
  68  6:28  Marauder  
  68  6:32  Marauder, Marine x2  
  74  6:33  Refinery  
  73  6:40  SCV  
  73  6:41  SCV, Medivac  
  73  6:46  Supply Depot  
  76  6:49  Marine  
  76  6:50  Marine  
  76  6:53  SCV x2  
  81  6:54  Marauder  
  81  6:58  Supply Depot  
  81  7:02  Marine  
  81  7:06  SCV x2  
  81  7:07  Marauder  
  81  7:08  Marine  
  87  7:09  Factory Reactor  
  87  7:15  Marauder  
  85  7:16  Command Center  
  85  7:18  SCV  
  85  7:19  Medivac  
  88  7:27  SCV  
  82  7:30  SCV  
  73  7:38  Marauder x2, Marine x2  
  73  7:39  SCV  
  73  7:42  SCV  
  81  7:46  Terran Infantry Armor Level 1  
  81  7:48  Barracks, Widow Mine  
  81  7:50  Barracks  
  81  7:51  Widow Mine  
  85  7:56  Medivac  
  85  7:57  SCV x2  
  89  7:59  Refinery  
  89  8:01  Marine x2  
  89  8:05  Supply Depot  
  91  8:06  Marauder  
  91  8:12  Widow Mine x2  
  97  8:13  SCV x2  
  97  8:18  Supply Depot  
  99  8:25  Armory  
  99  8:27  Medivac, Orbital Command  
  101  8:28  SCV  
  102  8:34  Medivac  
  104  8:42  Barracks Reactor, SCV, Barracks Tech Lab  
  104  8:45  Orbital Command  
  104  8:46  Marine  
  104  8:47  Marauder x2, Marine  
  111  8:50  Widow Mine x2  
  111  8:52  SCV  
  111  8:54  SCV  
  117  8:57  Engineering Bay  
  117  8:59  Supply Depot  
  117  9:04  SCV  
  118  9:12  Widow Mine x2  
  118  9:18  Marauder x2, Marine  
  118  9:19  Medivac  
  119  9:25  SCV x2  
  119  9:26  SCV  
  122  9:33  Widow Mine x2  
  122  9:34  Medivac  
  122  9:37  SCV x2  
  122  9:38  SCV  
  131  9:44  Marauder, Marine x2  
  131  9:45  Marauder x2  
  137  9:49  SCV, Medivac  
  137  9:50  SCV  
  139  9:53  Supply Depot x2  
  139  10:02  Refinery x2  
  139  10:06  Marine x2  
  141  10:14  Marine x2  
  141  10:16  Supply Depot, Marauder, Marine  
  146  10:22  SCV x3  
  146  10:23  Ghost Academy  
  146  10:28  Marauder, Marine x2  
  153  10:32  Marine  
  153  10:34  Marauder  
  155  10:41  Marauder  
  157  10:47  Supply Depot, Command Center  
  158  10:50  Marauder  
  158  10:55  Medivac, Ghost  
  155  11:01  Ghost  
  157  11:09  SCV  
  157  11:10  SCV x2, Ghost  
  160  11:12  Supply Depot  
  156  11:23  Marine x3  
  156  11:24  SCV x3  
  156  11:36  SCV x3  
Tags
 
Add a new tag
Caveats
  • Supply blocks, unpowered buildings, or Contaminate may cause inaccurate times.
  • Supply counts are checked every 10 seconds.